 Dungeon Crawl Stone Soup version 0.20.0-15-g7f486f2 (webtiles) character file.

114 manyhoops the Ruffian (level 4, -8/35 HPs)
             Began as a Draconian Transmuter on June 18, 2017.
             Killed by divine providence
             ... invoked by an orc priest
              (13 damage)
             ... on level 2 of the Dungeon.
             The game lasted 00:03:35 (1421 turns).

manyhoops the Ruffian (Draconian Transmuter)        Turns: 1421, Time: 00:03:37

Health: -8/35      AC:  6    Str: 10 (13) XL:     4   Next: 66%
Magic:  1/7        EV: 12    Int: 13 (14) God:
Gold:   79         SH:  0    Dex: 10 (11) Spells: 1/7 levels left

rFire    . . .     SeeInvis .     - Unarmed
rCold    . . .     Gourm    .   (no shield)
rNeg     . . .     Faith    .   (armour unavailable)
rPois    +         Spirit   .   (helmet restricted)
rElec    .         Reflect  .   (no cloak)
rCorr    .         Harm     .   l - +0 pair of gloves
MR       .....                  (no boots)
Stlth    +.........             (no amulet)
Regen    0.2/turn               n - ring of poison resistance
MPRegen  0.1/turn               (no ring)

@: very slightly contaminated
A: unfitting armour, cold-blooded, AC +5
a: no special abilities


You were on level 2 of the Dungeon.
You were not hungry.

You visited 1 branch of the dungeon, and saw 2 of its levels.

You collected 79 gold pieces.

Inventory:

Missiles
 a - 26 arrows
Armour
 l - a +0 pair of gloves (worn)
Jewellery
 h - a +3 amulet of reflection {unknown}
 n - a ring of poison resistance (left hand)
Scrolls
 g - a scroll of remove curse
 j - a scroll of recharging
 k - a scroll of amnesia {unknown}
Potions
 d - a potion of degeneration
 e - a potion of agility
 i - a potion of cancellation {unknown}
Books
 b - a book of Changes

   Spells                             Type                      Level
   a - Beastly Appendage              Transmutation                1
   b - Sticks to Snakes               Transmutation                2
   c - Spider Form                    Transmutation/Poison         3
   d - Ice Form                       Ice/Transmutation            4
   e - Blade Hands                    Transmutation                5
Comestibles
 c - a bread ration
 f - 3 meat rations
 m - a royal jelly


   Skills:
 - Level 1.1 Fighting
 - Level 1.7 Dodging
 + Level 5.5 Unarmed Combat
 - Level 2.0 Spellcasting
 - Level 2.0 Transmutations


You had one spell level left.
You knew the following spells:

 Your Spells              Type           Power        Failure   Level  Hunger
a - Beastly Appendage     Tmut           #.....       11%         1    ##.....
b - Sticks to Snakes      Tmut           #.......     17%         2    ###....
c - Spider Form           Tmut/Pois      #.........   45%         3    ####...


Dungeon Overview and Level Annotations

Branches:
Dungeon (2/15)

Altars:


Innate Abilities, Weirdness & Mutations

Your plain brown scales are hard. (AC +5)
You cannot fit into any form of body armour.
You are cold-blooded and may be slowed by cold attacks.


Message History

The orc priest hits you.
Your adder closely misses the orc priest.
You closely miss the orc priest.
The orc priest is moderately wounded.
Your adder closely misses the orc priest.
The orc priest mumbles some strange prayers to Beogh against you.
Pain shoots through your body!
* * * LOW HITPOINT WARNING * * *
You barely miss the orc priest.
The orc priest is moderately wounded.
Your adder barely misses the orc priest.
The orc priest closely misses you.
It was a potion of degeneration.
There was something very wrong with that liquid.
You feel weakened.
You feel dopey.
You feel clumsy.
Your adder bites the orc priest.
The orc priest is poisoned.
Your adder poisons the orc priest!
The orc priest invokes the aid of Beogh against you.
Beogh smites you!
You die...

#.#
#.§##........###.##.#..
#.#
##.o#..#...#..##.#..###
#.#
#........o...g#.#.....
#.#
##...........⌠#....##.
#.#
#.o...........#.#.##..
#.# #o##g.#...#. #...#...
#.# ###.##......
##..##... #.#
#.<.##o#########...##...
#.#
##.####S@.........#.##...
#.## #..#
##.#####...##.##... #..#
#.## #.# ###...†.##..
##.## #.# #.# ###...##..
#.(# #.# #.. #.#.....
##.# #.#
##.########.###(..
###†### #.# ......)...#
#.(. ....>.###.#
.........## #...
..........# .........#
#(..


You could see an orc priest, an orc, a goblin and a friendly adder.

Vanquished Creatures
  2 orc priests (D:2)
  A gnoll (D:1)
  4 leopard geckos
  3 orcs
  A ball python (D:2)
  A giant cockroach (D:1)
  A goblin (D:2)
  6 hobgoblins
  5 jackals
  3 quokkas (D:2)
  2 bats (D:1)
  2 frilled lizards
  7 kobolds
  9 rats
47 creatures vanquished.

Vanquished Creatures (collateral kills)
  A rat (D:2)
1 creature vanquished.

Grand Total: 48 creatures vanquished

Notes
Turn   | Place    | Note
-------+----------+-------------------------------------------
     0 | D:1      | manyhoops the Draconian Transmuter began the quest for the Orb.
     0 | D:1      | Reached XP level 1. HP: 16/16 MP: 3/3
    31 | D:1      | Reached XP level 2. HP: 22/23 MP: 3/5
   290 | D:1      | Reached skill level 4 in Unarmed Combat
   340 | D:1      | Learned a level 2 spell: Sticks to Snakes
   426 | D:1      | Reached XP level 3. HP: 25/28 MP: 6/6
   887 | D:2      | Reached skill level 5 in Unarmed Combat
   887 | D:2      | Reached XP level 4. HP: 34/35 MP: 2/7
   982 | D:2      | Learned a level 3 spell: Spider Form
  1421 | D:2      | Killed from afar by an orc priest

Skill      XL: |  1  2  3 |
---------------+----------+-----
Unarmed Combat | 4 5 |  5.5
Fighting       | |  1.1
Dodging        | |  1.7
Spellcasting   | |  2.0
Transmutations | |  2.0

Action                   |  1- 3 |  4- 6 || total
-------------------------+-------+-------++-------
Melee: Unarmed           |    88 |    57 ||   145
       Headbutt          |     2 |     3 ||     5
       Tailslap          |     6 |     4 ||    10
       Kick              |     5 |       ||     5
       Punch             |       |     1 ||     1
 Cast: Beastly Appendage |     4 |     4 ||     8
       Sticks to Snakes  |     3 |     2 ||     5
  Use: Scroll            |     4 |     1 ||     5
       Potion            |     1 |     1 ||     2
  Eat: Chunk             |       |     2 ||     2
Armor: Skin              |    21 |    11 ||    32
Dodge: Dodged            |    44 |    38 ||    82
